Capitals vs Rangers
Created - 17 mars 2013 at 18:57
Goals
|
| Capitals |
1 |
3 |
1 |
5 |
| Rangers |
0 |
1 |
1 |
2 |
|
Shots
|
| Capitals |
3 |
8 |
10 |
21 |
| Rangers |
7 |
8 |
8 |
23 |
|
1st period
1. Capitals , Sergei Gonchar 5 (Brian Rafalski) at 13:47
Penalties :
Corey Perry (Was) for Holding (Minor) at 17:43
2nd period
2. Rangers , Patrick Sharp 15 (Martin Sonnenberg, Cam Barker) at 8:57
3. Capitals , Alex Tanguay 14 (Evgeni Malkin) at 14:52
4. Capitals , Brian Rolston 11 (Sergei Gonchar, Jason Blake) at 16:57
5. Capitals , Evgeni Malkin 31 (Alex Tanguay, Brian Rafalski) at 19:23
Penalties :
Patrice Bergeron (NYR) for Tripping (Minor) at 0:36, Dennis Wideman (Was) for Hooking (Minor) at 0:36, Nicklas Backstrom (Was) for Roughing (Minor) at 2:43, Patrice Bergeron (NYR) for Interference (Minor) at 4:47, Kimmo Timonen (NYR) for Roughing (Minor) at 14:42, Sergei Gonchar (Was) for Cross-checking (Minor) at 14:42, Johan Franzen (NYR) for Slashing (Minor) at 17:12, Brian Rafalski (Was) for Hooking (Minor) at 17:12
3rd period
6. Rangers , Milan Lucic 25 (Johan Franzen, Jeremy Roenick) at 10:36
7. Capitals , Nicklas Backstrom 14 (Toni Lydman) at 19:08
Penalties :
Kyle McLaren (NYR) for Cross-checking (Minor) at 11:32, Alex Tanguay (Was) for Hooking (Minor) at 11:44
Goalie Stats
Marty Turco (Was), 21 saves from 23 shots - (0,913), W, 28-12-1, 60:00 minutes
Hannu Toivonen (NYR), 10 saves from 11 shots - (0,909), 20:37 minutes
Henrik Lundqvist (NYR), 6 saves from 10 shots - (0,600), L, 27-15-3, 39:23 minutes
Players Stats for Capitals
Player Name G A P +/- PIM S H SB GA TA FO MP PP MP PK MP
------------------------------------------------------------------------------------
Ales Hemsky 0 0 0 2 0 0 0 0 0 0 0/0 6:00 0:00 0:00
Alex Tanguay 1 1 2 3 2 1 1 0 1 1 0/0 21:48 1:08 2:04
Alexei Semenov 0 0 0 3 0 0 0 0 0 0 0/0 5:00 0:00 0:00
Anton Volchenkov 0 0 0 0 0 1 0 1 0 1 0/0 13:49 0:00 0:00
Brandon Dubinsky 0 0 0 1 0 0 1 0 0 0 2/3 6:54 0:00 0:38
Brian Rafalski 0 2 2 1 2 1 0 1 0 0 0/0 24:04 1:07 2:30
Brian Rolston 1 0 1 0 0 1 0 0 0 0 0/0 13:48 0:08 0:00
Corey Perry 0 0 0 0 2 0 2 0 0 0 1/2 16:54 1:17 0:36
Dennis Wideman 0 0 0 1 2 0 1 0 1 1 0/0 18:26 1:04 1:40
Evgeni Malkin 1 1 2 2 0 6 1 1 1 1 20/39 25:38 1:09 2:04
Jason Blake 0 1 1 1 0 2 0 0 0 0 1/1 16:04 0:08 0:58
Keith Ballard 0 0 0 1 0 1 0 0 0 1 0/0 12:19 0:00 0:00
Milan Michalek 0 0 0 -1 0 1 4 1 1 1 0/0 17:23 0:54 1:08
Nicklas Backstrom 1 0 1 0 2 3 2 0 0 0 2/4 13:44 0:00 0:52
Patrick Kane 0 0 0 -1 0 0 1 1 0 0 0/0 14:42 0:54 0:00
Peter Regin 0 0 0 -1 0 1 3 0 0 0 2/8 14:40 0:54 0:00
Sergei Gonchar 1 1 2 1 2 3 4 4 1 1 0/0 27:53 1:07 2:30
Toni Lydman 0 1 1 1 0 0 3 0 0 2 0/0 18:54 1:04 1:40
Players Stats for Rangers
Player Name G A P +/- PIM S H SB GA TA FO MP PP MP PK MP
------------------------------------------------------------------------------------
Alexandre Burrows 0 0 0 0 0 0 0 0 0 0 0/0 1:41 0:00 1:08
Bobby Holik 0 0 0 0 0 0 1 0 0 0 5/7 16:39 1:14 0:57
Brent Seabrook 0 0 0 -2 0 1 0 1 1 0 0/0 13:02 0:00 0:00
Bryan Berard 0 0 0 -3 0 1 0 1 1 0 0/0 28:13 3:05 0:56
Cam Barker 0 1 1 0 0 0 2 2 0 1 0/0 21:00 1:05 1:15
Drew Stafford 0 0 0 0 0 1 0 0 0 0 0/0 4:22 0:00 0:00
Dustin Brown 0 0 0 0 0 0 0 0 0 0 0/1 11:50 0:00 0:00
Ian Laperriere 0 0 0 0 0 0 1 0 1 0 1/1 15:27 1:14 0:00
Jarkko Ruutu 0 0 0 0 0 0 1 0 0 0 1/1 6:10 0:00 0:45
Jeremy Roenick 0 1 1 -2 0 1 0 1 0 0 18/36 26:16 2:56 0:30
Johan Franzen 0 1 1 -2 2 4 2 0 1 1 0/0 22:17 2:56 0:32
Kimmo Timonen 0 0 0 -2 2 1 0 1 0 1 0/0 26:56 3:05 0:56
Kyle McLaren 0 0 0 0 2 1 0 1 0 1 0/0 20:56 1:17 1:15
Martin Sonnenberg 0 1 1 -1 0 1 0 0 0 1 0/0 13:31 0:00 0:00
Matt Greene 0 0 0 0 0 1 2 0 0 0 0/0 10:47 0:00 0:00
Milan Lucic 1 0 1 -1 0 3 1 0 2 0 2/5 19:03 2:44 0:15
Patrice Bergeron 0 0 0 -1 4 2 0 1 2 0 2/6 14:22 0:00 0:00
Patrick Sharp 1 0 1 0 0 6 3 0 1 0 0/0 17:28 1:14 0:15
3 Stars
1 - Evgeni Malkin (Was)
2 - Sergei Gonchar (Was)
3 - Alex Tanguay (Was)
Power Play
Capitals - 0 on 2 Attempt(s) - 0,00%
Rangers - 0 on 3 Attempt(s) - 0,00%
Penalty Kill
Capitals - 3 on 3 Attempt(s) - 100,00%
- Score 0 goal in Penalty Kill
Rangers - 2 on 2 Attempt(s) - 100,00%
- Score 0 goal in Penalty Kill
Official
Referees : Hebert Ghislain and Fraser Kerry
Linesman : Steve Barton and Bryan Pancich
Game Notes
Hannu Toivonen enters game at 19:23 of 2nd period
Finance
Level 1 -- Attendance: 6000 (100,00%) -- Ticket Income 540 000 $
Level 2 -- Attendance: 4889 (97,78%) -- Ticket Income 268 895 $
Level 3 -- Attendance: 1900 (95,00%) -- Ticket Income 57 000 $
Level 4 -- Attendance: 4000 (100,00%) -- Ticket Income 80 000 $
Luxury Box -- Attendance: 1000 (100,00%) -- Ticket Income 175 000 $
Game was played at the Madison Square Garden
Total Attendance: 17789 (98,83%)
Total Ticket Income: 1 120 895 $
Total Income: 1 120 895 $
Capitals
5 vs 5 Forward
Center Left Wing Right Wing Time % Phy DF OF
1 Evgeni Malkin Alex Tanguay Corey Perry 40 1 2 2
2 Peter Regin Milan Michalek Patrick Kane 30 1 2 2
3 Nicklas Backstrom Jason Blake Brian Rolston 20 1 2 2
4 Brandon Dubinsky Evgeni Malkin Ales Hemsky 10 1 2 2
5 vs 5 Defense
Defense Defense Time % Phy DF OF
1 Sergei Gonchar Brian Rafalski 40 1 2 2
2 Dennis Wideman Toni Lydman 30 1 2 2
3 Anton Volchenkov Keith Ballard 20 1 2 2
4 Alexei Semenov Sergei Gonchar 10 1 2 2
PowerPlay Forward
Center Left Wing Right Wing Time % Phy DF OF
1 Evgeni Malkin Alex Tanguay Corey Perry 60 1 2 2
2 Peter Regin Milan Michalek Patrick Kane 40 1 2 2
PowerPlay Defense
Defense Defense Time % Phy DF OF
1 Sergei Gonchar Brian Rafalski 60 1 2 2
2 Dennis Wideman Toni Lydman 40 1 2 2
Penalty Kill 4 Players Forward
Center Wing Time % Phy DF OF
1 Evgeni Malkin Alex Tanguay 60 1 2 2
2 Corey Perry Milan Michalek 40 1 2 2
Penalty Kill 4 Players Defense
Defense Defense Time % Phy DF OF
1 Sergei Gonchar Brian Rafalski 60 1 2 2
2 Dennis Wideman Toni Lydman 40 1 2 2
Penalty Kill - 3 Players Forward
Forward Time % Phy DF OF
1 Evgeni Malkin 60 1 2 2
2 Alex Tanguay 40 1 2 2
Penalty Kill - 3 Players Defense
Defense Defense Time % Phy DF OF
1 Sergei Gonchar Brian Rafalski 60 1 2 2
2 Dennis Wideman Toni Lydman 40 1 2 2
4 vs 4 Forward
Center Wing Time % Phy DF OF
1 Evgeni Malkin Alex Tanguay 60 1 2 2
2 Corey Perry Milan Michalek 40 1 2 2
4 vs 4 Defense
Defense Defense Time % Phy DF OF
1 Sergei Gonchar Brian Rafalski 60 1 2 2
2 Dennis Wideman Toni Lydman 40 1 2 2
Last Minutes Offensive
Center Left Wing Right Wing Defense Defense
Evgeni Malkin Alex Tanguay Corey Perry Sergei Gonchar Brian Rafalski
Last Minutes Defensive
Center Left Wing Right Wing Defense Defense
Evgeni Malkin Alex Tanguay Corey Perry Sergei Gonchar Brian Rafalski
Goaltenders
Starting : Marty Turco
Backup : Ty Conklin
Extra Forwards
Normal : Jason Blake, Brian Rolston, Nicklas Backstrom - PP : Jason Blake, Brian Rolston - PK : Nicklas Backstrom
Extra Defensemen
Normal : Anton Volchenkov, Keith Ballard, Alexei Semenov - PP : Anton Volchenkov - PK : Keith Ballard, Alexei Semenov
Penalty Shots
Evgeni Malkin, Alex Tanguay, Corey Perry, Milan Michalek, Patrick Kane
Rangers
5 vs 5 Forward
Center Left Wing Right Wing Time % Phy DF OF
1 Jeremy Roenick Milan Lucic Johan Franzen 40 1 2 2
2 Bobby Holik Patrick Sharp Ian Laperriere 30 1 2 2
3 Patrice Bergeron Martin Sonnenberg Dustin Brown 20 1 2 2
4 Jeremy Roenick Jarkko Ruutu Drew Stafford 10 1 2 2
5 vs 5 Defense
Defense Defense Time % Phy DF OF
1 Kimmo Timonen Bryan Berard 40 1 2 2
2 Cam Barker Kyle McLaren 30 1 2 2
3 Brent Seabrook Matt Greene 20 1 2 2
4 Kimmo Timonen Bryan Berard 10 1 2 2
PowerPlay Forward
Center Left Wing Right Wing Time % Phy DF OF
1 Jeremy Roenick Milan Lucic Johan Franzen 60 1 2 2
2 Bobby Holik Patrick Sharp Ian Laperriere 40 1 2 2
PowerPlay Defense
Defense Defense Time % Phy DF OF
1 Kimmo Timonen Bryan Berard 60 1 2 2
2 Cam Barker Kyle McLaren 40 1 2 2
Penalty Kill 4 Players Forward
Center Wing Time % Phy DF OF
1 Jeremy Roenick Johan Franzen 60 1 2 2
2 Milan Lucic Patrick Sharp 40 1 2 2
Penalty Kill 4 Players Defense
Defense Defense Time % Phy DF OF
1 Kimmo Timonen Bryan Berard 60 1 2 2
2 Cam Barker Kyle McLaren 40 1 2 2
Penalty Kill - 3 Players Forward
Forward Time % Phy DF OF
1 Jeremy Roenick 60 1 2 2
2 Johan Franzen 40 1 2 2
Penalty Kill - 3 Players Defense
Defense Defense Time % Phy DF OF
1 Kimmo Timonen Bryan Berard 60 1 2 2
2 Cam Barker Kyle McLaren 40 1 2 2
4 vs 4 Forward
Center Wing Time % Phy DF OF
1 Jeremy Roenick Johan Franzen 60 1 2 2
2 Milan Lucic Patrick Sharp 40 1 2 2
4 vs 4 Defense
Defense Defense Time % Phy DF OF
1 Kimmo Timonen Bryan Berard 60 1 2 2
2 Cam Barker Kyle McLaren 40 1 2 2
Last Minutes Offensive
Center Left Wing Right Wing Defense Defense
Jeremy Roenick Milan Lucic Johan Franzen Kimmo Timonen Bryan Berard
Last Minutes Defensive
Center Left Wing Right Wing Defense Defense
Jeremy Roenick Milan Lucic Johan Franzen Kimmo Timonen Bryan Berard
Goaltenders
Starting : Henrik Lundqvist
Backup : Hannu Toivonen
Extra Forwards
Normal : Patrice Bergeron, Martin Sonnenberg, Jarkko Ruutu - PP : Patrice Bergeron, Martin Sonnenberg - PK : Jarkko Ruutu
Extra Defensemen
Normal : Brent Seabrook, Matt Greene, Cam Barker - PP : Brent Seabrook - PK : Matt Greene, Cam Barker
Penalty Shots
Jeremy Roenick, Johan Franzen, Milan Lucic, Patrick Sharp, Bobby Holik
% Time on Ice - Capitals
Lines # - Real PCT - Wanted PCT - Time Play
Normal Forward
1 - 31% - 40% - 14:25
2 - 33% - 30% - 15:01
3 - 24% - 20% - 10:53
4 - 12% - 10% - 5:36
Normal Defense
1 - 36% - 40% - 16:30
2 - 31% - 30% - 14:08
3 - 24% - 20% - 11:06
4 - 9% - 10% - 4:11
PP Forward
1 - 59% - 60% - 1:17
2 - 41% - 40% - 0:54
PP Defense
1 - 51% - 60% - 1:07
2 - 49% - 40% - 1:04
PK Forward
1 - 73% - 60% - 3:02
2 - 27% - 40% - 1:08
PK Defense
1 - 60% - 60% - 2:30
2 - 40% - 40% - 1:40
PK3 Forward
1 - 0% - 60%
2 - 0% - 40%
PK3 Defense
1 - 0% - 60%
2 - 0% - 40%
44 Forward
1 - 82% - 60% - 6:20
2 - 18% - 40% - 1:24
44 Defense
1 - 74% - 60% - 5:42
2 - 26% - 40% - 2:02
Last Minute Offensive - 0:00
Last Minute Defensive - 0:00
Total
Forward - 60:00
Defense - 60:00
|
% Time on Ice - Rangers
Lines # - Real PCT - Wanted PCT - Time Play
Normal Forward
1 - 33% - 40% - 15:06
2 - 32% - 30% - 14:37
3 - 26% - 20% - 11:50
4 - 10% - 10% - 4:22
Normal Defense
1 - 40% - 40% - 18:13
2 - 35% - 30% - 15:54
3 - 23% - 20% - 10:47
4 - 2% - 10% - 1:01
PP Forward
1 - 70% - 60% - 2:56
2 - 30% - 40% - 1:14
PP Defense
1 - 74% - 60% - 3:05
2 - 26% - 40% - 1:05
PK Forward
1 - 89% - 60% - 1:56
2 - 11% - 40% - 0:15
PK Defense
1 - 43% - 60% - 0:56
2 - 57% - 40% - 1:15
PK3 Forward
1 - 0% - 60%
2 - 0% - 40%
PK3 Defense
1 - 0% - 60%
2 - 0% - 40%
44 Forward
1 - 78% - 60% - 6:03
2 - 22% - 40% - 1:41
44 Defense
1 - 64% - 60% - 4:58
2 - 36% - 40% - 2:46
Last Minute Offensive - 0:00
Last Minute Defensive - 0:00
Total
Forward - 60:00
Defense - 60:00
|
Play by Play
1st period
0:01 of 1st period - Jeremy Roenick wins face-off versus Evgeni Malkin in neutral zone.
0:28 of 1st period - Sergei Gonchar is hit by Patrick Sharp and loses puck.
0:47 of 1st period - Wrist shot by Kimmo Timonen.
0:47 of 1st period - Stopped by Marty Turco without a rebound.
0:48 of 1st period - Nicklas Backstrom wins face-off versus Patrice Bergeron in Capitals zone.
1:14 of 1st period - Slapshot by Nicklas Backstrom.
1:14 of 1st period - Stopped by Henrik Lundqvist without a rebound.
1:15 of 1st period - Jeremy Roenick wins face-off versus Evgeni Malkin in Rangers zone.
2:04 of 1st period - Wrist shot by Milan Michalek.
2:04 of 1st period - Shot Blocked by Kimmo Timonen.
3:33 of 1st period - Anton Volchenkov is hit by Bobby Holik and loses puck.
5:24 of 1st period - Icing by Milan Lucic.
5:25 of 1st period - Evgeni Malkin wins face-off versus Bobby Holik in Rangers zone.
5:44 of 1st period - Icing by Sergei Gonchar.
5:45 of 1st period - Patrice Bergeron wins face-off versus Nicklas Backstrom in Capitals zone.
6:12 of 1st period - Cam Barker is hit by Milan Michalek and loses puck.
6:17 of 1st period - Wrist shot by Peter Regin.
6:17 of 1st period - Deflect By Milan Michalek.
6:17 of 1st period - Stopped by Henrik Lundqvist without a rebound.
6:18 of 1st period - Jeremy Roenick wins face-off versus Evgeni Malkin in Rangers zone.
6:43 of 1st period - Milan Michalek is hit by Ian Laperriere and loses puck.
6:52 of 1st period - Snap shot by Patrick Sharp.
6:52 of 1st period - Stopped by Marty Turco without a rebound.
6:53 of 1st period - Evgeni Malkin wins face-off versus Bobby Holik in Capitals zone.
7:54 of 1st period - Dustin Brown is hit by Nicklas Backstrom and loses puck.
8:03 of 1st period - Slapshot by Kimmo Timonen.
8:03 of 1st period - Shot Misses the Net.
8:05 of 1st period - Slapshot by Bryan Berard.
8:05 of 1st period - Deflect By Dustin Brown.
8:05 of 1st period - Shot Misses the Net.
8:05 of 1st period - Puck is out of play.
8:06 of 1st period - Milan Lucic wins face-off versus Evgeni Malkin in Capitals zone.
8:33 of 1st period - Toni Lydman is hit by Patrick Sharp and loses puck.
9:28 of 1st period - Snap shot by Patrick Sharp.
9:28 of 1st period - Shot Misses the Net.
9:30 of 1st period - Wrist shot by Matt Greene.
9:30 of 1st period - Shot Blocked by Patrick Kane.
9:56 of 1st period - Snap shot by Alex Tanguay.
9:56 of 1st period - Deflect By Evgeni Malkin.
9:56 of 1st period - Shot Misses the Net.
9:56 of 1st period - Puck is out of play.
9:57 of 1st period - Brandon Dubinsky wins face-off versus Patrice Bergeron in Rangers zone.
11:06 of 1st period - Snap shot by Martin Sonnenberg.
11:06 of 1st period - Stopped by Marty Turco with a rebound.
11:08 of 1st period - Wrist shot by Patrice Bergeron.
11:08 of 1st period - Stopped by Marty Turco with a rebound.
11:10 of 1st period - Slapshot by Bryan Berard.
11:10 of 1st period - Deflect By Evgeni Malkin.
11:10 of 1st period - Stopped by Marty Turco without a rebound.
11:11 of 1st period - Bobby Holik wins face-off versus Peter Regin in Capitals zone.
11:36 of 1st period - Milan Lucic is hit by Corey Perry and loses puck.
12:17 of 1st period - Wrist shot by Evgeni Malkin.
12:17 of 1st period - Shot Misses the Net.
13:35 of 1st period - Patrick Sharp is hit by Sergei Gonchar.
13:47 of 1st period - Snap shot by Sergei Gonchar.
13:47 of 1st period - Deflect By Johan Franzen.
13:47 of 1st period - Goal by Sergei Gonchar - Capitals : 1 - Rangers : 0.
13:48 of 1st period - Jeremy Roenick wins face-off versus Evgeni Malkin in neutral zone.
14:20 of 1st period - Slapshot by Patrick Sharp.
14:20 of 1st period - Stopped by Marty Turco with a rebound.
14:44 of 1st period - Dustin Brown is hit by Peter Regin and loses puck.
14:54 of 1st period - Icing by Martin Sonnenberg.
14:55 of 1st period - Patrice Bergeron wins face-off versus Brandon Dubinsky in Rangers zone.
15:31 of 1st period - Wrist shot by Patrick Sharp.
15:31 of 1st period - Shot Blocked by Milan Michalek.
15:43 of 1st period - Wrist shot by Milan Michalek.
15:43 of 1st period - Shot Blocked by Kyle McLaren.
17:28 of 1st period - Slapshot by Patrick Sharp.
17:28 of 1st period - Stopped by Marty Turco without a rebound.
17:29 of 1st period - Evgeni Malkin wins face-off versus Jeremy Roenick in Capitals zone.
17:29 of 1st period - Evgeni Malkin is hit by Milan Lucic.
17:35 of 1st period - Brent Seabrook is hit by Evgeni Malkin and loses puck.
17:43 of 1st period - Minor Penalty to Corey Perry for Holding.
17:44 of 1st period - Jeremy Roenick wins face-off versus Evgeni Malkin in Capitals zone.
17:45 of 1st period - Slapshot by Milan Lucic.
17:45 of 1st period - Deflect By Jeremy Roenick.
17:45 of 1st period - Shot Blocked by Sergei Gonchar.
17:45 of 1st period - Puck is out of play.
17:46 of 1st period - Evgeni Malkin wins face-off versus Jeremy Roenick in Capitals zone.
19:43 of 1st period - Penalty to Corey Perry is over, Corey Perry is back on ice.
19:59 of 1st period - Cam Barker is hit by Milan Michalek and loses puck.
2nd period
0:01 of 2nd period - Jeremy Roenick wins face-off versus Evgeni Malkin in neutral zone.
0:12 of 2nd period - Backhand shot by Milan Lucic.
0:12 of 2nd period - Shot Misses the Net.
0:36 of 2nd period - Minor Penalty to Patrice Bergeron for Tripping.
0:36 of 2nd period - Minor Penalty to Dennis Wideman for Hooking.
0:37 of 2nd period - Evgeni Malkin wins face-off versus Jeremy Roenick in Rangers zone.
0:38 of 2nd period - Snap shot by Alex Tanguay.
0:38 of 2nd period - Shot Misses the Net.
0:48 of 2nd period - Snap shot by Bryan Berard.
0:48 of 2nd period - Deflect By Jeremy Roenick.
0:48 of 2nd period - Shot Hit the Post.
0:48 of 2nd period - Puck is out of play.
0:49 of 2nd period - Jeremy Roenick wins face-off versus Evgeni Malkin in Capitals zone.
0:58 of 2nd period - Wrist shot by Jeremy Roenick.
0:58 of 2nd period - Shot Blocked by Sergei Gonchar.
1:00 of 2nd period - Snap shot by Johan Franzen.
1:00 of 2nd period - Stopped by Marty Turco without a rebound.
1:01 of 2nd period - Jeremy Roenick wins face-off versus Evgeni Malkin in Capitals zone.
1:02 of 2nd period - Wrist shot by Kimmo Timonen.
1:02 of 2nd period - Shot Blocked by Sergei Gonchar.
1:04 of 2nd period - Slapshot by Bryan Berard.
1:04 of 2nd period - Shot Blocked by Sergei Gonchar.
1:06 of 2nd period - Wrist shot by Jeremy Roenick.
1:06 of 2nd period - Shot Misses the Net.
1:08 of 2nd period - Snap shot by Johan Franzen.
1:08 of 2nd period - Stopped by Marty Turco with a rebound.
1:10 of 2nd period - Snap shot by Johan Franzen.
1:10 of 2nd period - Stopped by Marty Turco without a rebound.
1:11 of 2nd period - Evgeni Malkin wins face-off versus Jeremy Roenick in Capitals zone.
1:11 of 2nd period - Evgeni Malkin is hit by Johan Franzen.
1:21 of 2nd period - Wrist shot by Evgeni Malkin.
1:21 of 2nd period - Deflect By Alex Tanguay.
1:21 of 2nd period - Shot Misses the Net.
1:21 of 2nd period - Puck is out of play.
1:22 of 2nd period - Evgeni Malkin wins face-off versus Jeremy Roenick in Rangers zone.
1:25 of 2nd period - Snap shot by Evgeni Malkin.
1:25 of 2nd period - Stopped by Henrik Lundqvist without a rebound.
1:26 of 2nd period - Jeremy Roenick wins face-off versus Evgeni Malkin in Rangers zone.
1:30 of 2nd period - Icing by Jeremy Roenick.
1:31 of 2nd period - Jeremy Roenick wins face-off versus Evgeni Malkin in Rangers zone.
1:31 of 2nd period - Jeremy Roenick is hit by Alex Tanguay.
2:04 of 2nd period - Snap shot by Jeremy Roenick.
2:04 of 2nd period - Shot Misses the Net.
2:16 of 2nd period - Slapshot by Jeremy Roenick.
2:16 of 2nd period - Deflect By Johan Franzen.
2:16 of 2nd period - Shot Misses the Net.
2:16 of 2nd period - Puck is out of play.
2:17 of 2nd period - Corey Perry wins face-off versus Milan Lucic in Capitals zone.
2:36 of 2nd period - Penalty to Patrice Bergeron is over, Patrice Bergeron is back on ice.
2:36 of 2nd period - Penalty to Dennis Wideman is over, Dennis Wideman is back on ice.
2:43 of 2nd period - Minor Penalty to Nicklas Backstrom for Roughing.
2:44 of 2nd period - Milan Lucic wins face-off versus Evgeni Malkin in Capitals zone.
2:45 of 2nd period - Wrist shot by Johan Franzen.
2:45 of 2nd period - Stopped by Marty Turco without a rebound.
2:46 of 2nd period - Evgeni Malkin wins face-off versus Jeremy Roenick in Capitals zone.
3:19 of 2nd period - Wrist shot by Milan Lucic.
3:19 of 2nd period - Shot Blocked by Brian Rafalski.
4:24 of 2nd period - Off-side.
4:25 of 2nd period - Bobby Holik wins face-off versus Corey Perry in neutral zone.
4:43 of 2nd period - Penalty to Nicklas Backstrom is over, Nicklas Backstrom is back on ice.
4:47 of 2nd period - Minor Penalty to Patrice Bergeron for Interference.
4:48 of 2nd period - Jarkko Ruutu wins face-off versus Evgeni Malkin in Rangers zone.
4:48 of 2nd period - Jarkko Ruutu is hit by Corey Perry.
5:18 of 2nd period - Cam Barker is hit by Milan Michalek and loses puck.
5:31 of 2nd period - Alex Tanguay is hit by Cam Barker.
6:40 of 2nd period - Cam Barker is hit by Dennis Wideman and loses puck.
6:47 of 2nd period - Penalty to Patrice Bergeron is over, Patrice Bergeron is back on ice.
6:50 of 2nd period - Off-side.
6:51 of 2nd period - Nicklas Backstrom wins face-off versus Dustin Brown in neutral zone.
7:10 of 2nd period - Nicklas Backstrom is hit by Matt Greene and loses puck.
7:37 of 2nd period - Bryan Berard is hit by Toni Lydman and loses puck.
8:57 of 2nd period - Slapshot by Patrick Sharp.
8:57 of 2nd period - Goal by Patrick Sharp - Capitals : 1 - Rangers : 1.
8:58 of 2nd period - Peter Regin wins face-off versus Jeremy Roenick in neutral zone.
9:03 of 2nd period - Slapshot by Peter Regin.
9:03 of 2nd period - Stopped by Henrik Lundqvist with a rebound.
9:07 of 2nd period - Wrist shot by Patrick Kane.
9:07 of 2nd period - Shot Blocked by Jeremy Roenick.
9:23 of 2nd period - Evgeni Malkin is hit by Patrick Sharp and loses puck.
9:47 of 2nd period - Snap shot by Sergei Gonchar.
9:47 of 2nd period - Shot Misses the Net.
11:00 of 2nd period - Snap shot by Brian Rolston.
11:00 of 2nd period - Shot Misses the Net.
11:02 of 2nd period - Slapshot by Keith Ballard.
11:02 of 2nd period - Stopped by Henrik Lundqvist without a rebound.
11:03 of 2nd period - Bobby Holik wins face-off versus Peter Regin in Rangers zone.
12:21 of 2nd period - Snap shot by Ian Laperriere.
12:21 of 2nd period - Shot Misses the Net.
12:23 of 2nd period - Wrist shot by Patrick Sharp.
12:23 of 2nd period - Shot Misses the Net.
12:25 of 2nd period - Snap shot by Cam Barker.
12:25 of 2nd period - Deflect By Patrick Sharp.
12:25 of 2nd period - Stopped by Marty Turco with a rebound.
12:35 of 2nd period - Patrick Kane is hit by Cam Barker and loses puck.
12:56 of 2nd period - Brian Rolston is hit by Matt Greene and loses puck.
13:59 of 2nd period - Wrist shot by Johan Franzen.
13:59 of 2nd period - Shot Hit the Post.
14:32 of 2nd period - Bryan Berard is hit by Milan Michalek and loses puck.
14:42 of 2nd period - Minor Penalty to Kimmo Timonen for Roughing.
14:42 of 2nd period - Minor Penalty to Sergei Gonchar for Cross-checking.
14:43 of 2nd period - Evgeni Malkin wins face-off versus Jeremy Roenick in Rangers zone.
14:48 of 2nd period - Snap shot by Evgeni Malkin.
14:48 of 2nd period - Deflect By Alex Tanguay.
14:48 of 2nd period - Shot Misses the Net.
14:48 of 2nd period - Puck is out of play.
14:49 of 2nd period - Evgeni Malkin wins face-off versus Jeremy Roenick in Rangers zone.
14:50 of 2nd period - Slapshot by Alex Tanguay.
14:50 of 2nd period - Shot Blocked by Brent Seabrook.
14:52 of 2nd period - Snap shot by Alex Tanguay.
14:52 of 2nd period - Goal by Alex Tanguay - Capitals : 2 - Rangers : 1.
14:53 of 2nd period - Jeremy Roenick wins face-off versus Evgeni Malkin in neutral zone.
15:02 of 2nd period - Snap shot by Jeremy Roenick.
15:02 of 2nd period - Stopped by Marty Turco with a rebound.
15:06 of 2nd period - Wrist shot by Brent Seabrook.
15:06 of 2nd period - Stopped by Marty Turco with a rebound.
15:08 of 2nd period - Slapshot by Bryan Berard.
15:08 of 2nd period - Shot Blocked by Evgeni Malkin.
16:42 of 2nd period - Penalty to Kimmo Timonen is over, Kimmo Timonen is back on ice.
16:42 of 2nd period - Penalty to Sergei Gonchar is over, Sergei Gonchar is back on ice.
16:57 of 2nd period - Slapshot by Brian Rolston.
16:57 of 2nd period - Goal by Brian Rolston - Capitals : 3 - Rangers : 1.
16:58 of 2nd period - Evgeni Malkin wins face-off versus Jeremy Roenick in neutral zone.
17:01 of 2nd period - Slapshot by Brian Rafalski.
17:01 of 2nd period - Stopped by Henrik Lundqvist with a rebound.
17:09 of 2nd period - Kyle McLaren is hit by Sergei Gonchar.
17:12 of 2nd period - Minor Penalty to Johan Franzen for Slashing.
17:12 of 2nd period - Minor Penalty to Brian Rafalski for Hooking.
17:13 of 2nd period - Jeremy Roenick wins face-off versus Evgeni Malkin in Rangers zone.
19:12 of 2nd period - Penalty to Johan Franzen is over, Johan Franzen is back on ice.
19:12 of 2nd period - Penalty to Brian Rafalski is over, Brian Rafalski is back on ice.
19:23 of 2nd period - Wrist shot by Evgeni Malkin.
19:23 of 2nd period - Goal by Evgeni Malkin - Capitals : 4 - Rangers : 1.
19:23 of 2nd period - Hannu Toivonen enters game.
19:24 of 2nd period - Jeremy Roenick wins face-off versus Peter Regin in neutral zone.
19:31 of 2nd period - Wrist shot by Johan Franzen.
19:31 of 2nd period - Shot Misses the Net.
19:56 of 2nd period - Snap shot by Evgeni Malkin.
19:56 of 2nd period - Stopped by Hannu Toivonen without a rebound.
19:57 of 2nd period - Peter Regin wins face-off versus Jeremy Roenick in Rangers zone.
3rd period
0:01 of 3rd period - Evgeni Malkin wins face-off versus Jeremy Roenick in neutral zone.
0:08 of 3rd period - Slapshot by Sergei Gonchar.
0:08 of 3rd period - Stopped by Hannu Toivonen without a rebound.
0:09 of 3rd period - Evgeni Malkin wins face-off versus Jeremy Roenick in Rangers zone.
0:12 of 3rd period - Wrist shot by Evgeni Malkin.
0:12 of 3rd period - Stopped by Hannu Toivonen with a rebound.
0:26 of 3rd period - Snap shot by Milan Lucic.
0:26 of 3rd period - Deflect By Johan Franzen.
0:26 of 3rd period - Shot Misses the Net.
0:26 of 3rd period - Puck is out of play.
0:27 of 3rd period - Bobby Holik wins face-off versus Peter Regin in Capitals zone.
0:30 of 3rd period - Wrist shot by Patrick Sharp.
0:30 of 3rd period - Stopped by Marty Turco without a rebound.
0:31 of 3rd period - Bobby Holik wins face-off versus Peter Regin in Capitals zone.
1:17 of 3rd period - Bryan Berard is hit by Nicklas Backstrom.
1:57 of 3rd period - Wrist shot by Drew Stafford.
1:57 of 3rd period - Stopped by Marty Turco with a rebound.
3:10 of 3rd period - Slapshot by Jason Blake.
3:10 of 3rd period - Shot Blocked by Cam Barker.
4:52 of 3rd period - Drew Stafford is hit by Brandon Dubinsky and loses puck.
5:03 of 3rd period - Martin Sonnenberg is hit by Toni Lydman and loses puck.
5:30 of 3rd period - Snap shot by Milan Lucic.
5:30 of 3rd period - Stopped by Marty Turco with a rebound.
5:32 of 3rd period - Backhand shot by Brent Seabrook.
5:32 of 3rd period - Deflect By Milan Lucic.
5:32 of 3rd period - Stopped by Marty Turco with a rebound.
5:34 of 3rd period - Wrist shot by Milan Lucic.
5:34 of 3rd period - Shot Blocked by Anton Volchenkov.
6:48 of 3rd period - Peter Regin is hit by Jarkko Ruutu and loses puck.
7:39 of 3rd period - Patrick Kane is hit by Johan Franzen and loses puck.
8:12 of 3rd period - Slapshot by Sergei Gonchar.
8:12 of 3rd period - Shot Misses the Net.
9:14 of 3rd period - Slapshot by Alex Tanguay.
9:14 of 3rd period - Shot Misses the Net.
9:25 of 3rd period - Icing by Alex Tanguay.
9:26 of 3rd period - Brandon Dubinsky wins face-off versus Milan Lucic in Capitals zone.
9:59 of 3rd period - Off-side.
10:00 of 3rd period - Evgeni Malkin wins face-off versus Patrice Bergeron in neutral zone.
10:10 of 3rd period - Wrist shot by Evgeni Malkin.
10:10 of 3rd period - Shot Blocked by Cam Barker.
10:36 of 3rd period - Snap shot by Milan Lucic.
10:36 of 3rd period - Goal by Milan Lucic - Capitals : 4 - Rangers : 2.
10:37 of 3rd period - Evgeni Malkin wins face-off versus Jeremy Roenick in neutral zone.
10:40 of 3rd period - Johan Franzen is hit by Sergei Gonchar and loses puck.
11:08 of 3rd period - Ian Laperriere is hit by Peter Regin and loses puck.
11:32 of 3rd period - Minor Penalty to Kyle McLaren for Cross-checking.
11:33 of 3rd period - Jeremy Roenick wins face-off versus Evgeni Malkin in Rangers zone.
11:33 of 3rd period - Jeremy Roenick is hit by Sergei Gonchar.
11:44 of 3rd period - Minor Penalty to Alex Tanguay for Hooking.
11:45 of 3rd period - Jeremy Roenick wins face-off versus Evgeni Malkin in Capitals zone.
11:46 of 3rd period - Slapshot by Johan Franzen.
11:46 of 3rd period - Shot Misses the Net.
11:57 of 3rd period - Slapshot by Sergei Gonchar.
11:57 of 3rd period - Stopped by Hannu Toivonen without a rebound.
11:58 of 3rd period - Evgeni Malkin wins face-off versus Jeremy Roenick in Rangers zone.
12:07 of 3rd period - Wrist shot by Jason Blake.
12:07 of 3rd period - Stopped by Hannu Toivonen with a rebound.
12:09 of 3rd period - Slapshot by Evgeni Malkin.
12:09 of 3rd period - Shot Misses the Net.
12:11 of 3rd period - Snap shot by Jason Blake.
12:11 of 3rd period - Shot Blocked by Bryan Berard.
12:13 of 3rd period - Slapshot by Brian Rafalski.
12:13 of 3rd period - Deflect By Evgeni Malkin.
12:13 of 3rd period - Stopped by Hannu Toivonen with a rebound.
12:47 of 3rd period - Slapshot by Dennis Wideman.
12:47 of 3rd period - Shot Misses the Net.
12:52 of 3rd period - Icing by Brent Seabrook.
12:53 of 3rd period - Evgeni Malkin wins face-off versus Milan Lucic in Rangers zone.
13:23 of 3rd period - Icing by Brian Rafalski.
13:24 of 3rd period - Jason Blake wins face-off versus Jeremy Roenick in Capitals zone.
13:32 of 3rd period - Penalty to Kyle McLaren is over, Kyle McLaren is back on ice.
13:44 of 3rd period - Penalty to Alex Tanguay is over, Alex Tanguay is back on ice.
13:47 of 3rd period - Snap shot by Kyle McLaren.
13:47 of 3rd period - Stopped by Marty Turco with a rebound.
13:57 of 3rd period - Slapshot by Johan Franzen.
13:57 of 3rd period - Shot Misses the Net.
14:11 of 3rd period - Slapshot by Nicklas Backstrom.
14:11 of 3rd period - Deflect By Kimmo Timonen.
14:11 of 3rd period - Stopped by Hannu Toivonen without a rebound.
14:12 of 3rd period - Ian Laperriere wins face-off versus Peter Regin in Rangers zone.
14:17 of 3rd period - Backhand shot by Matt Greene.
14:17 of 3rd period - Deflect By Milan Michalek.
14:17 of 3rd period - Stopped by Marty Turco with a rebound.
14:42 of 3rd period - Snap shot by Patrice Bergeron.
14:42 of 3rd period - Stopped by Marty Turco without a rebound.
14:43 of 3rd period - Evgeni Malkin wins face-off versus Patrice Bergeron in Capitals zone.
14:52 of 3rd period - Wrist shot by Corey Perry.
14:52 of 3rd period - Shot Blocked by Patrice Bergeron.
14:54 of 3rd period - Slapshot by Anton Volchenkov.
14:54 of 3rd period - Stopped by Hannu Toivonen without a rebound.
14:55 of 3rd period - Evgeni Malkin wins face-off versus Jeremy Roenick in Rangers zone.
15:02 of 3rd period - Slapshot by Evgeni Malkin.
15:02 of 3rd period - Stopped by Hannu Toivonen without a rebound.
15:03 of 3rd period - Jeremy Roenick wins face-off versus Evgeni Malkin in Rangers zone.
15:56 of 3rd period - Wrist shot by Jason Blake.
15:56 of 3rd period - Stopped by Hannu Toivonen with a rebound.
16:46 of 3rd period - Matt Greene is hit by Patrick Kane.
18:57 of 3rd period - Icing by Jeremy Roenick.
18:58 of 3rd period - Jeremy Roenick wins face-off versus Nicklas Backstrom in Rangers zone.
18:58 of 3rd period - Jeremy Roenick is hit by Toni Lydman.
19:08 of 3rd period - Slapshot by Nicklas Backstrom.
19:08 of 3rd period - Goal by Nicklas Backstrom - Capitals : 5 - Rangers : 2.
19:09 of 3rd period - Jeremy Roenick wins face-off versus Evgeni Malkin in neutral zone.
19:34 of 3rd period - Ian Laperriere is hit by Peter Regin and loses puck.
19:45 of 3rd period - Snap shot by Peter Regin.
19:45 of 3rd period - Shot Misses the Net.
19:47 of 3rd period - Snap shot by Milan Michalek.
19:47 of 3rd period - Deflect By Patrick Kane.
19:47 of 3rd period - Shot Misses the Net.
19:47 of 3rd period - Puck is out of play.
19:48 of 3rd period - Evgeni Malkin wins face-off versus Jeremy Roenick in Rangers zone.
Output by the SimonT Hockey Simulator (STHS) for François Prévost -- Original Page W3C XHTML 1.0 Valid